 Dungeon Crawl Stone Soup version 0.30-a0-6-g7c9e10e132 (webtiles) character file.

Game seed: 7289907169374281065

289 mathmaestro the Grave Robber (level 6, 41/41 (46) HPs)
             Began as a Demonspawn Necromancer on Aug 22, 2022.
             Quit the game on level 4 of the Dungeon.
             The game lasted 00:11:54 (4809 turns).

mathmaestro the Grave Robber (DsNe)                 Turns: 4809, Time: 00:11:54

HP:   41/41 (46)    AC:  6    Str:  8    XL:     6   Next: 9%
MP:   11/11         EV: 11    Int: 19    God:
Gold: 129           SH:  0    Dex: 13    Spells: 3/11 levels left

rFire   . . .      SeeInvis .    d - +0 short sword
rCold   . . .      Faith    .    (no shield)
rNeg    . . .      Spirit   .    b - +0 leather armour
rPois   .          Reflect  .    (helmet restricted)
rElec   .          Harm     .    i - +0 cloak
rCorr   .          Rampage  .    (no gloves)
Will    .....                    (no boots)
Stlth   ++........               (no amulet)
HPRegen 0.13/turn                (no ring)
MPRegen 0.12/turn                (no ring)

@: heavily drained
A: antennae 2, slimy green scales 1, powered by pain 1
a: no special abilities


You were on level 4 of the Dungeon.
You visited 2 branches of the dungeon, and saw 5 of its levels.

You collected 184 gold pieces.
You spent 55 gold pieces at shops.

Inventory:

Hand Weapons
 d - a +0 short sword (weapon)
Armour
 b - a +0 leather armour (worn)
 i - a +0 cloak (worn)
Wands
 j - a wand of digging (4)
Scrolls
 c - a scroll of fear
 e - a scroll of enchant armour {unknown}
 f - a scroll of vulnerability {unknown}
 g - 3 scrolls of identify {unknown}
 o - a scroll of teleportation {unknown}
Potions
 a - a potion of invisibility
 h - a potion of magic
 l - a potion of curing
 m - a potion of lignification {unknown}
 n - a potion of flight


   Skills:
 + Level 2.8 Fighting
 + Level 2.1 Armour
 - Level 2.0 Dodging
 - Level 2.0 Stealth
 + Level 3.3 Spellcasting
 + Level 5.6 Necromancy


You had 3 spell levels left.
You knew the following spells:

 Your Spells              Type           Power      Damage    Failure   Level
a - Necrotise             Necr           96%        1d8       1%          1
b - Vampiric Draining     Necr           24%        2d7       6%          3
c - Animate Dead          Necr           24%        N/A       21%         4

Your spell library contained the following spells:

 Spells                   Type           Power      Damage    Failure   Level
 Apportation              Tloc           6%         N/A       21%         1
 Ozocubu's Armour         Ice            3%         N/A       52%         3
 Agony                    Necr           24%        N/A       50%         5
 Alistair's Intoxication  Tmut/Pois      2%         N/A       99%         5
 Ozocubu's Refrigeration  Ice            1%         4d7       100%        7


Dungeon Overview and Level Annotations

Branches:
Dungeon (4/15)             Temple (1/1) D:4

Altars:
Cheibriados
Dithmenos
Gozag
Hepliaklqana
Nemelex Xobeh
Okawaru
Ru
Sif Muna
Trog
Uskayaw
Wu Jian
Xom
Yredelemnul

Shops:
D:3 *![*

Annotations:
D:3 1 transporter, Sobieck's ghost, amateur TeCj


Innate Abilities, Weirdness & Mutations

You have a pair of antennae on your head.
You are partially covered in slimy green scales. (AC +2)
You sometimes gain a little power by taking damage.


Message History

The necrophage hits you.
You feel drained.
You closely miss the necrophage.
The necrophage is almost destroyed.
The necrophage hits you. x2
* * * LOW HITPOINT WARNING * * *
You feel drained.
* * * LOW HITPOINT WARNING * * *
You hit the necrophage but do no damage.
The necrophage is almost destroyed.
The necrophage hits you but does no damage.
You hit the necrophage but do no damage.
The necrophage is almost destroyed.
The necrophage hits you.
* * * LOW HITPOINT WARNING * * *
You feel drained.
* * * LOW HITPOINT WARNING * * *
You feel much better. The necrophage closely misses you.
You hit the necrophage but do no damage.
The necrophage is almost destroyed.
The necrophage barely misses you.
You barely miss the necrophage.
The necrophage is almost destroyed.
The necrophage barely misses you.
You hit the necrophage but do no damage.
The necrophage is almost destroyed.
The necrophage hits you.
You feel drained.
You hit the necrophage.
The necrophage is almost destroyed.
The necrophage barely misses you.
You hit the necrophage.
You destroy the necrophage!
Your Armour skill increases to level 2!
You have reached level 6!
Your demonic ancestry asserts itself...
You feel energised by your suffering.
You start resting.
Magic restored.
You start resting.
HP restored.
Are you sure you want to abandon this character and quit the game? (Confirm with "yes".)

#..##.##
##.......##
#......## ##.....##
##.......## #######
#.........##
#..........##
#...........###
..............###
................###
.##........).#>.@.#
.
#..........###....#
##........##
#......# ##.......#
#........ ###....##
......... ##...#
.......## ##...
.......# ........#


There were no monsters in sight!

Vanquished Creatures
  A necrophage (D:4)
  A gnoll bouda (D:3)
  An iguana (D:4)
  3 adders
  7 gnolls
  A worm (D:3)
  3 dart slugs
  9 ball pythons
  3 bats
  3 endoplasms
  2 giant cockroaches
  3 goblins
  5 hobgoblins
  7 jackals
  2 quokkas
  6 frilled lizards
  6 kobolds
  4 rats
67 creatures vanquished.

Vanquished Creatures (collateral kills)
  An endoplasm (D:2)
  A goblin (D:2)
2 creatures vanquished.

Grand Total: 69 creatures vanquished

Notes
Turn   | Place    | Note
-------+----------+-------------------------------------------
     0 | D:1      | mathmaestro the Demonspawn Necromancer began the quest for
                  | the Orb.
     0 | D:1      | Reached XP level 1. HP: 13/13 MP: 3/3
    56 | D:1      | Found a faded altar of an unknown god.
   241 | D:1      | Gained mutation: You are partially covered in slimy green
                  | scales. (AC +2) [demonic ancestry]
   241 | D:1      | Reached XP level 2. HP: 7/20 MP: 0/5
   970 | D:1      | You fall into a shaft and drop 1 floor!
  1195 | D:2      | Reached skill level 1 in Fighting
  1294 | D:2      | Gained mutation: You have a pair of small antennae on your
                  | head. [demonic ancestry]
  1294 | D:2      | Reached XP level 3. HP: 8/26 MP: 3/6
  1298 | D:2      | Learned a level 3 spell: Vampiric Draining
  2146 | D:3      | Found Carriano's Distillery.
  2151 | D:3      | Bought a potion of heal wounds for 55 gold pieces
  2172 | D:3      | Found Piaj's Armour Emporium.
  2228 | D:3      | Found Cueffiz's General Store.
  2459 | D:3      | Found Zotecus's Assorted Antiques.
  2588 | D:3      | Gained mutation: You have a pair of antennae on your head.
                  | [demonic ancestry]
  2588 | D:3      | Reached XP level 4. HP: 33/33 MP: 2/7
  3009 | D:3      | Found a transporter.
  3009 | D:3      | Noticed Sobieck's ghost (amateur TeCj)
  3010 | D:3      | Noticed an ogre
  3024 | D:3      | Noticed an ogre
  3076 | D:3      | Reached skill level 5 in Necromancy
  3372 | D:3      | Reached skill level 1 in Armour
  3603 | D:4      | Learned a level 4 spell: Animate Dead
  3735 | D:4      | Found a staircase to the Ecumenical Temple.
  3745 | Temple   | Entered the Ecumenical Temple
  3747 | Temple   | Reached XP level 5. HP: 38/38 MP: 7/9
  4247 | D:4      | Noticed a phantom
  4686 | D:4      | Gained mutation: You sometimes gain a little power by
                  | taking damage. [demonic ancestry]
  4686 | D:4      | Reached XP level 6. HP: 25/41 MP: 9/11
  4809 | D:4      | Quit the game

Illustrated notes

Levels and vault maps discovered:
D:1:      lightli_arrival_boilingwater, layout_basic, basic_ecumenical_altar
D:2:      layout_rooms
D:3:      layout_basic, gammafunk_ghost_smash, serial_shops, shop,
          nicolae_shop_crystal, nicolae_shop_behind_doors,
          nicolae_shop_window_shopping, chequers_arboretum
D:4:      layout_cave_pods, minmay_temple_entry_grid, bh_walls_and_bars
Temple:   nicolae_temple_bog_church

Skill      XL: |  1  2  3  4  5 |
---------------+----------------+-----
Stealth        | 2 |  2.0
Dodging        | 2 |  2.0
Fighting       | 1 2 |  2.8
Necromancy     | 5 |  5.6
Armour         | 1 2 |  2.1
Spellcasting   | 3 |  3.3

Action                   |  1- 3 |  4- 6 || total
-------------------------+-------+-------++-------
Melee: Short sword       |    14 |    56 ||    70
       Punch             |       |     1 ||     1
 Cast: Necrotise         |    86 |    69 ||   155
       Vampiric Draining |       |     2 ||     2
  Use: Potion            |     1 |     6 ||     7
       Scroll            |     1 |       ||     1
 Stab: Invisible         |       |     2 ||     2
Armor: Robe              |    10 |       ||    10
       Leather armour    |    13 |    27 ||    40
Dodge: Dodged            |    50 |    54 ||   104

Table legend: (Time is in decaauts)
 A = Elapsed time spent in this place.
 B = Non-inter-level travel time spent in this place.
 C = Inter-level travel time spent in this place.
 D = Time resting spent in this place.
 E = Time spent auto-exploring this place.
 F = Levels seen in this place.
 G = Mean time per level.
                   A        B        C        D        E       F      G
               +--------+--------+--------+--------+--------+-----+--------+
         Total |   4825 |   4643 |    182 |   1104 |   2476 |   5 |  965.0 |
       Dungeon |   4594 |   4439 |    155 |   1104 |   2287 |   4 | 1148.5 |
        Temple |    231 |    205 |     26 |      0 |    189 |   1 |  231.0 |
               +--------+--------+--------+--------+--------+-----+--------+

Top non-repeatable levels by time:
     D:3: 1483 daAuts
     D:1: 1412 daAuts
     D:4: 1057 daAuts
     D:2: 641 daAuts
  Temple: 231 daAuts
